 Dungeon Crawl Stone Soup version 0.27-a0-1071-ga85bd9520d (webtiles) character file.

Game seed: 7569223585054979762

165543 voltaire321 the Grim Reaper (level 17, -8/137 HPs)
             Began as a Demonspawn Gladiator on Apr 24, 2021.
             Was the Champion of Yredelemnul.
             Mangled by a golden dragon simulacrum (23 damage)
             ... in an ice cave.
             The game lasted 02:07:24 (30082 turns).

voltaire321 the Grim Reaper (Demonspawn Gladiator) Turns: 30082, Time: 02:07:25

Health: -8/137     AC: 20    Str: 20    XL:     17   Next: 3%
Magic:  0/34       EV: 22    Int: 11    God:    Yredelemnul [******]
Gold:   2388       SH: 15    Dex: 24    Spells: 16/16 levels left

rFire    . . .     SeeInvis .   u - +12 scimitar of Ryeggeet {vorpal, rElec Will+}
rCold    . . .     Faith    .   z - +2 kite shield
rNeg     + . .     Spirit   +   V - +4 moon troll leather armour {Spirit, Regen++ MP+5}
rPois    +         Reflect  .   c - +2 helmet
rElec    +         Harm     .   E - +2 cloak
rCorr    .         Rampage  .   T - +2 pair of gloves
Will     ++...                  (boots unavailable)
Stlth    +++.......             i - amulet of regeneration
HPRegen  3.32/turn              e - ring of Cacooxifu {rN+ Str+4 Dex+2}
MPRegen  0.48/turn              W - ring "Julouph" {rPois Dex+3 Slay+3 Stlth+}

@: no status effects
A: hooves 3, spiny 2, magic shield, magic regeneration, magic link, sharp scales
1
}: 1/15 runes: decaying
a: Renounce Religion, Recall Undead Slaves, Injury Mirror, Animate Dead, Drain
Life, Enslave Soul


You were in an ice cave.
You worshipped Yredelemnul.
Yredelemnul was exalted by your worship.
You visited 6 branches of the dungeon, and saw 32 of its levels.
You also visited: Ossuary, Bailey and Ice Cave.

You collected 3950 gold pieces.
You spent 1562 gold pieces at shops.

Inventory:

Hand Weapons
 u - the +12 scimitar of Ryeggeet (weapon) {vorpal, rElec Will+}
   (You bought it in a shop on level 2 of the Orcish Mines)

   It inflicts extra damage upon your enemies.
   It insulates you from electricity.
   It increases your willpower.
Missiles
 a - 5 boomerangs of dispersal
 d - 4 throwing nets
 p - 28 poisoned darts
 r - 39 boomerangs (quivered)
 O - 7 curare-tipped darts
Armour
 c - a +2 helmet (worn)
 z - a +2 kite shield (worn)
 C - a +4 ring mail
 E - a +2 cloak (worn)
 Q - a +2 leather armour of fire resistance
 T - a +2 pair of gloves (worn)
 V - the +4 moon troll leather armour (worn) {Spirit, Regen++ MP+5}
   (You bought it in a shop on level 2 of the Orcish Mines)

   It affects your magic capacity (+5).
   It increases your rate of health regeneration.
Jewellery
 e - the ring of Cacooxifu (left hand) {rN+ Str+4 Dex+2}
   (You acquired it on level 9 of the Dungeon)

   [ring of positive energy]

   It affects your strength (+4).
   It affects your dexterity (+2).
   It protects you from negative energy.
 i - an amulet of regeneration (around neck)
 A - a ring of ice
 G - a +6 ring of strength
 N - a ring of protection from cold
 P - a ring of willpower
 U - a ring of flight
 W - the ring "Julouph" (right hand) {rPois Dex+3 Slay+3 Stlth+}
   (You found it on level 1 of the Swamp)

   [ring of poison resistance]

   It affects your dexterity (+3).
   It affects your accuracy and damage with ranged weapons and melee attacks
   (+3).
   It protects you from poison.
   It makes you more stealthy.
Wands
 b - a wand of charming (33)
 k - a wand of mindburst (9)
 q - a wand of flame (13)
 v - a wand of polymorph (40)
 w - a wand of paralysis (34)
 x - a wand of iceblast (36)
 D - a wand of digging (18)
 M - a wand of acid (21)
Scrolls
 g - 11 scrolls of teleportation
 h - 16 scrolls of identify
 l - 3 scrolls of amnesia
 y - 5 scrolls of magic mapping
 B - a scroll of blinking
 J - 5 scrolls of fear
 R - 4 scrolls of fog
 S - a scroll of brand weapon
Potions
 f - 2 potions of berserk rage
 j - 4 potions of resistance
 m - 8 potions of haste
 n - 2 potions of brilliance
 o - 6 potions of lignification
 s - 5 potions of might
 t - 3 potions of flight
 F - 4 potions of ambrosia
 H - a potion of magic
 I - 2 potions of invisibility
 K - 3 potions of heal wounds
 L - 4 potions of curing
 X - a potion of mutation {unknown}


   Skills:
 + Level 13.4 Fighting
 + Level 12.6 Long Blades
 - Level 6.0 Throwing
 + Level 7.8 Armour
 + Level 12.6 Dodging
 + Level 11.4 Shields
 + Level 16.0 Invocations
 - Level 5.0 Evocations


You had 16 spell levels left.
You didn't know any spells.
Your spell library contained the following spells:

 Spells                   Type           Power      Damage    Failure   Level
 Animate Skeleton         Necr           0%         N/A       54%         1
 Apportation              Tloc           0%         N/A       54%         1
 Corona                   Hex            0%         N/A       54%         1
 Magic Dart               Conj           0%         1d3       54%         1
 Pain                     Necr           0%         1d4       54%         1
 Summon Small Mammal      Summ           0%         N/A       54%         1
 Blink                    Tloc           N/A        N/A       67%         2
 Call Imp                 Summ           0%         N/A       67%         2
 Searing Ray              Conj           0%         3d3       67%         2
 Slow                     Hex            0%         N/A       67%         2
 Conjure Flame            Conj/Fire      0%         6-21      88%         3
 Dazzling Flash           Conj/Hex       0%         N/A       88%         3
 Mephitic Cloud           Conj/Pois/Air  0%         N/A       88%         3
 Vampiric Draining        Necr           0%         2d6       88%         3
 Animate Dead             Necr           0%         N/A       99%         4
 Fulminant Prism          Conj/Hex       0%         3d6       99%         4
 Iskenderun's Mystic Bla  Conj/Tloc      0%         2d3       99%         4
 Agony                    Necr           0%         N/A       100%        5
 Bolt of Magma            Conj/Fire/Erth 0%         4d4       100%        5
 Iskenderun's Battlesphe  Conj           0%         2d6       100%        5
 Iron Shot                Conj/Erth      0%         9d1       100%        6
 Orb of Destruction       Conj           0%         N/A       100%        7
 Spellforged Servitor     Conj/Summ      0%         N/A       100%        7


Dungeon Overview and Level Annotations

Branches:
Dungeon (15/15) Temple (1/1) D:6 Lair (6/6) D:10 Swamp (4/4) Lair:3 Spider (4/4) Lair:4 Slime (0/5) Lair:5 Orc (2/2) D:11 Elf (0/3) Orc:2 Vaults (0/5) D:12 D:13 Depths (0/5) D:15 Ossuary (visited) Bailey (visited) IceCv (1/1)

Altars:
Ashenzari
Cheibriados
Elyvilon
Gozag
Hepliaklqana
Kikubaaqudgha
Makhleb
Nemelex Xobeh
Qazlal
Ru
Trog
Uskayaw
Vehumet
Xom
Yredelemnul
The Shining One
Beogh

Shops:
D:3 *   D:6 =   D:11 ?:?(   Orc:2 [**(=

Portals:
Trove: D:10 (give 6 scrolls of fog)

Annotations:
D:8 2 transporters


Innate Abilities, Weirdness & Mutations

You have hooves in place of feet.
You are mostly covered in sharp spines.
When hurt, damage is shared between your health and your magic reserves.
You regenerate magic rapidly.
When low on magic, you restore magic in place of health.
You are partially covered in razor-sharp scales. (AC +1, Slay +1)


Message History

The iron troll simulacrum barely misses you.
The iron troll simulacrum completely misses you.
You slice the iron troll simulacrum!! You kick the iron troll simulacrum!
The iron troll simulacrum is almost destroyed.
You slash the iron troll simulacrum!
The iron troll simulacrum vapourises!
Yredelemnul accepts your kill.
You start resting.
Magic restored.
You open the door.
A golden dragon simulacrum comes into view.
You hit the golden dragon simulacrum.
The golden dragon simulacrum is lightly damaged.
You hit the golden dragon simulacrum. You kick the golden dragon simulacrum.
The golden dragon simulacrum is moderately damaged.
The golden dragon simulacrum is struck by your spines.
The golden dragon simulacrum bites you!
The golden dragon simulacrum freezes you!!!
The golden dragon simulacrum claws you.
The golden dragon simulacrum freezes you!!!
The golden dragon simulacrum tramples you but does no damage.
You hit the golden dragon simulacrum but do no damage.
You kick the golden dragon simulacrum!
The golden dragon simulacrum is heavily damaged.
You hit the golden dragon simulacrum.
The golden dragon simulacrum is heavily damaged.
You block the golden dragon simulacrum's attack.
The golden dragon simulacrum misses you.
The golden dragon simulacrum tramples you but does no damage.
You hit the golden dragon simulacrum but do no damage.
You kick the golden dragon simulacrum.
The golden dragon simulacrum is severely damaged.
The golden dragon simulacrum bites you.
The golden dragon simulacrum freezes you!!!
* * * LOW HITPOINT WARNING * * *
The golden dragon simulacrum claws you.
* * * LOW HITPOINT WARNING * * *
The golden dragon simulacrum freezes you!!
You die...
Your body rises from the dead as a mindless zombie.

####### ###.....##
#......... ####........
#+#+#+#+### #..#........
#.......Z.# +.4#........
#.8.8.8@########........
#............#..........
+............'.....⌠....
#............#..........
#.8.8.8.########........
#.......'○# #........
#+#+#+#+### 4#........
###........ .........


You could see a golden dragon simulacrum.

Vanquished Creatures
  Rupert (D:12)
  The ghost of Voickih the Impaler, an adept MfGl of the Shining One (Swamp:1)
  An emperor scorpion (Spider:3)
  A stone giant (D:15)
  2 bunyips
  2 eleionomae
  Erolcha (D:13)
  A catoblepas (Lair:4)
  A ghost crab (Swamp:4)
  A boulder beetle (D:11)
  A spriggan air mage (Swamp:4)
  7 hydras
  3 two-headed ogres (D:12)
  8 alligators
  3 centaur warriors
  3 death yaks
  An orc high priest (Orc:2)
  A tengu warrior (D:15)
  4 spriggans
  Sonja (Lair:4)
  3 goliath frogs
  6 bog bodies (Swamp:4)
  A spriggan druid (Swamp:4)
  2 swamp dragons
  2 wizards
  2 manticores
  5 orc knights
  5 orb spiders
  4 wolf spiders
  4 oklob plants (Lair:5)
  3 cyclopes
  An orc sorcerer (Orc:2)
  An ugly thing (D:13)
  2 will-o-the-wisps
  A moth of wrath (Swamp:1)
  6 elephants
  A black mamba (Lair:3)
  A gargoyle (D:13)
  Maggie (D:8)
  2 ice statues (IceCv)
  15 cane toads
  The ghost of porpoise the Skirmisher, a novice DjVM of Makhleb (D:5)
  An unseen horror (D:12)
  9 komodo dragons
  A rime drake (Lair:3)
  2 demonic crawlers
  6 ice devils (IceCv)
  4 trolls
  A polar bear (Lair:6)
  11 jumping spiders
  8 hornets
  A meliai (D:13)
  5 tyrant leeches
  14 blink frogs
  4 dream sheep (Lair:6)
  3 slime creatures
  A centaur simulacrum (D:14)
  22 redbacks
  4 tarantellas
  A vampire (D:12)
  24 yaks
  2 wraiths (D:12)
  4 wyverns
  14 humans
  8 vampire mosquitoes
  3 basilisks
  A steam dragon (D:6)
  Eustachio (D:4)
  An iron troll simulacrum (IceCv)
  A warg (D:15)
  5 swamp worms
  15 water moccasins
  2 swamp drakes
  23 orc warriors
  2 sky beasts
  Purgy (D:3)
  4 necrophages
  5 wolves
  5 ogres
  2 boggarts (D:15)
  7 centaurs
  2 phantoms
  2 kobold brigands
  5 elf zombies (Ossuary)
  14 bullfrogs
  2 gnoll sergeants
  2 scorpions
  A wyvern skeleton (D:7)
  6 killer bees (D:9)
  3 centaur zombies
  A hound (D:5)
  A gnoll shaman (D:4)
  5 human zombies (Ossuary)
  3 jellies
  2 bullfrog skeletons
  22 orc priests
  5 centaur skeletons
  2 iguanas
  18 orc wizards
  A killer bee zombie (D:8)
  A hound zombie (D:5)
  A hound skeleton (D:4)
  3 mummies (Ossuary)
  A howler monkey zombie (D:8)
  15 gnolls
  3 adders
  2 white imps (D:7)
  An ufetubus (D:5)
  An adder skeleton (D:2)
  2 worms
  4 dart slugs
  62 orcs
  5 ball pythons
  A bat zombie (D:2)
  8 endoplasms
  2 giant cockroaches (D:1)
  12 goblins
  10 hobgoblins
  A jackal (D:1)
  23 kobolds
  4 quokkas
  A ball python skeleton (D:2)
  5 bats
  4 frilled lizards (D:1)
  A jackal skeleton (D:2)
  A quokka zombie (D:2)
  4 rats
616 creatures vanquished.

Vanquished Creatures (collateral kills)
  Arachne (Spider:2)
  2 thorn hunters (Swamp:4)
  2 fenstrider witches
  An entropy weaver (Spider:1)
  2 bunyips
  A spark wasp (Spider:3)
  2 shambling mangroves (Swamp:4)
  2 eleionomae
  5 boulder beetles
  14 hydras
  A tengu warrior (D:15)
  A catoblepas (D:15)
  A two-headed ogre (D:13)
  2 death yaks (Lair:2)
  3 centaur warriors
  12 alligators
  4 orc high priests (Orc:2)
  5 goliath frogs
  3 skeletal warriors (D:15)
  2 spriggan druids
  17 swamp dragons
  10 orc knights
  A bog body (Swamp:4)
  A deep elf pyromancer (D:14)
  3 wolf spiders
  A cyclops (D:13)
  2 ugly things (D:12)
  5 will-o-the-wisps (Swamp:4)
  A moth of wrath (Swamp:1)
  4 elephants (Lair:2)
  A centaur zombie (D:11)
  A cane toad (shapeshifter) (D:15)
  A gargoyle (D:12)
  3 rime drakes
  9 cane toads
  4 komodo dragons
  A tengu conjurer (D:15)
  A demonic crawler (Spider:2)
  A komodo dragon (shapeshifter) (D:14)
  A troll (Orc:2)
  6 jumping spiders
  2 meliai (D:13)
  13 tyrant leeches
  4 hornets
  10 blink frogs
  7 slime creatures
  3 redbacks
  5 spriggans
  A wraith (D:12)
  23 yaks
  4 tarantellas
  Grum (D:9)
  2 humans (D:13)
  A basilisk (Lair:2)
  5 vampire mosquitoes
  2 wargs
  9 swamp worms
  3 water moccasins (Lair:6)
  21 orc warriors
  5 swamp drakes (Swamp:4)
  A boggart (D:15)
  3 wolves
  A centaur (D:11)
  4 bullfrogs
  A wyvern zombie (D:5)
  A wyvern skeleton (D:5)
  A jelly (Lair:5)
  12 orc priests
  6 orc wizards
  A hydra zombie (Swamp:1)
  26 orcs
  A goblin (D:13)
  A briar patch (Swamp:4)
  A bush (Lair:2)
321 creatures vanquished.

Vanquished Creatures (others)
  A vampire knight (Swamp:1)
  A spectral dwarf (Swamp:4)
  3 skeletal warriors
  2 flayed ghosts
  3 phantasmal warriors
  3 bloated husks
  11 flying skulls
  A wraith (D:15)
  2 vampires
  2 goliath frog zombies (Swamp:1)
  An entropy weaver zombie (Spider:1)
  4 wights
  2 bunyip zombies (Swamp:1)
  2 swamp worm zombies
  5 alligator zombies
  A spriggan skeleton (Swamp:4)
  2 jumping spider zombies (Lair:4)
  10 cane toad zombies
  A boulder beetle zombie (Lair:2)
  3 swamp dragon zombies
  5 tyrant leech zombies
  8 vampire mosquito zombies
  5 centaur zombies
  3 hornet zombies
  9 blink frog zombies
  2 elephant zombies (Lair:4)
  A komodo dragon skeleton (Lair:5)
  6 komodo dragon zombies
  A rime drake zombie (Lair:3)
  A tengu zombie (D:15)
  2 troll zombies
  6 water moccasin zombies
  A dream sheep zombie (Lair:6)
  An orb spider zombie (Spider:1)
  3 two-headed ogre zombies
  A human zombie (D:13)
  2 swamp drake zombies
  12 yak zombies
  6 bullfrog zombies
  3 gnoll zombies
  A human skeleton (Swamp:1)
  2 ogre zombies (Orc:2)
  15 orc zombies
  4 wolf zombies (Lair:5)
  29 foxfires
  59 fungi
  142 plants
  A withered plant (D:2)
391 creatures vanquished.

Grand Total: 1328 creatures vanquished

Notes
Turn   | Place    | Note
-------+----------+-------------------------------------------
     0 | D:1      | voltaire321 the Demonspawn Gladiator began the quest for
                  | the Orb.
     0 | D:1      | Reached XP level 1. HP: 16/16 MP: 1/1
   145 | D:1      | Gained mutation: You are partially covered in sharp spines.
                  | [demonic ancestry]
   145 | D:1      | Reached XP level 2. HP: 22/22 MP: 2/2
   489 | D:1      | Gained mutation: You are mostly covered in sharp spines.
                  | [demonic ancestry]
   489 | D:1      | Reached XP level 3. HP: 28/28 MP: 3/3
  1408 | D:2      | Found a faded altar of an unknown god.
  1415 | D:2      | Upgraded the game from 0.27-a0-1065-ge809cff456 to
                  | 0.27-a0-1071-ga85bd9520d
  1567 | D:2      | Reached XP level 4. HP: 29/34 MP: 4/4
  2066 | D:3      | Found Ynuamido's Assorted Antiques.
  2243 | D:3      | Noticed Purgy
  2251 | D:3      | Killed Purgy
  2252 | D:3      | Reached skill level 1 in Armour
  2252 | D:3      | Gained mutation: You have large cloven feet. [demonic
                  | ancestry]
  2252 | D:3      | Reached XP level 5. HP: 21/41 MP: 5/5
  2682 | D:3      | HP: 2/41 [gnoll/+0 whip (6)]
  3023 | D:4      | Noticed a necrophage
  3030 | D:4      | Killed a necrophage
  3031 | D:4      | Gained mutation: You are partially covered in razor-sharp
                  | scales. (AC +1, Slay +1) [demonic ancestry]
  3031 | D:4      | Reached XP level 6. HP: 37/47 MP: 6/6
  3280 | D:4      | Found a bloodstained altar of Trog.
  3283 | D:4      | Found a hide-covered altar of Uskayaw.
  3295 | D:4      | Noticed Eustachio
  3314 | D:4      | Killed Eustachio
  3317 | D:4      | Gained mutation: You regenerate magic rapidly. [demonic
                  | ancestry]
  3317 | D:4      | Reached XP level 7. HP: 40/53 MP: 7/7
  3392 | D:4      | Found a stormy altar of Qazlal.
  3394 | D:4      | Found a sparkling altar of Nemelex Xobeh.
  3396 | D:4      | Found an ancient bone altar of Kikubaaqudgha.
  3397 | D:4      | Found a radiant altar of Vehumet.
  3734 | D:5      | Entered Level 5 of the Dungeon
  3874 | D:5      | Found a snail-covered altar of Cheibriados.
  4335 | D:5      | Found a runed translucent gate.
  4350 | D:5      | Found a basalt altar of Yredelemnul.
  4353 | D:5      | Became a worshipper of Yredelemnul the Dark
  4386 | D:5      | Gained mutation: You have hoof-like feet. [demonic
                  | ancestry]
  4386 | D:5      | Reached XP level 8. HP: 59/61 MP: 8/8
  4394 | D:5      | Reached skill level 1 in Invocations
  4616 | D:5      | Found a runed translucent gate.
  4616 | D:5      | Found a runed translucent gate.
  4619 | D:5      | Noticed porpoise's ghost (novice DjVM)
  5167 | D:5      | Reached skill level 2 in Invocations
  5473 | D:6      | Reached skill level 5 in Fighting
  5473 | D:6      | Reached skill level 5 in Long Blades
  5473 | D:6      | Reached skill level 5 in Dodging
  5488 | D:6      | Found a staircase to the Ecumenical Temple.
  5498 | Temple   | Entered the Ecumenical Temple
  5568 | D:6      | Found Tinnamiocw's Jewellery Emporium.
  5588 | D:6      | Reached skill level 3 in Invocations
  5895 | D:6      | Reached * piety under Yredelemnul
  6103 | D:6      | Reached skill level 5 in Throwing
  6103 | D:6      | Reached XP level 9. HP: 68/68 MP: 11/11
  6508 | D:7      | Reached skill level 4 in Invocations
  6575 | D:7      | Found a shimmering altar of Xom.
  7040 | D:7      | Reached skill level 1 in Shields
  7358 | D:8      | Noticed Maggie
  7376 | D:8      | Killed Maggie
  7397 | D:8      | Reached skill level 5 in Invocations
  7424 | D:8      | Reached ** piety under Yredelemnul
  7445 | D:8      | Noticed a tengu warrior
  7445 | D:8      | Noticed a two-headed ogre
  7446 | D:8      | Noticed a cyclops
  7449 | D:8      | Noticed a brown ugly thing
  7472 | D:8      | Found a sand-covered staircase.
  7481 | Ossuary  | Entered an ossuary
  7587 | Ossuary  | Reached skill level 5 in Armour
  7680 | D:8      | Found a transporter.
  7701 | D:8      | Found a transporter.
  7929 | D:8      | Reached XP level 10. HP: 77/77 MP: 14/14
  7978 | D:8      | Found a sacrificial altar of Ru.
  8313 | D:9      | Noticed Grum
  8325 | D:9      | Killed Grum
  8326 | D:9      | Reached skill level 6 in Invocations
  8435 | D:9      | Your ally Grum died
  8495 | D:9      | Identified a scroll of acquirement
  8495 | D:9      | Acquired the ring of Cacooxifu {rN+ Str+4 Dex+2}
  8671 | D:8      | Reached *** piety under Yredelemnul
  8970 | D:10     | Entered Level 10 of the Dungeon
  9081 | D:10     | Reached skill level 7 in Invocations
  9107 | D:10     | Found an opulent altar of Gozag.
  9146 | D:10     | Found a portal to a secret trove of treasure.
  9526 | D:10     | Found a staircase to the Lair.
  9839 | D:5      | Killed porpoise's ghost
  9840 | D:5      | Received a gift from Yredelemnul (a wight)
  9983 | Lair:1   | Entered Level 1 of the Lair of Beasts
  9988 | Lair:1   | Noticed a cane toad
  9991 | Lair:1   | Noticed a cane toad
  9994 | Lair:1   | Killed a cane toad
  9997 | Lair:1   | Killed a cane toad
 10034 | Lair:1   | Noticed a cane toad
 10041 | Lair:1   | Killed a cane toad
 10042 | Lair:1   | Reached XP level 11. HP: 77/84 MP: 16/16
 10116 | Lair:1   | Reached skill level 8 in Invocations
 10264 | Lair:1   | Noticed a seven-headed hydra
 10274 | Lair:1   | Killed a seven-headed hydra
 10275 | Lair:1   | Received a gift from Yredelemnul (5 flying skulls)
 10748 | Lair:2   | Reached skill level 5 in Shields
 10886 | Lair:2   | Noticed a boulder beetle
 10902 | Lair:2   | Killed a boulder beetle
 11022 | Lair:2   | Reached skill level 9 in Invocations
 11232 | Lair:2   | Noticed an eight-headed hydra
 11241 | Lair:2   | Killed an eight-headed hydra
 11461 | Lair:3   | Noticed a death yak
 11471 | Lair:3   | Noticed a death yak
 11472 | Lair:3   | Noticed a death yak
 11472 | Lair:3   | Noticed a death yak
 11473 | Lair:3   | Noticed a death yak
 11490 | Lair:2   | Killed a death yak
 11579 | Lair:3   | Noticed a six-headed hydra
 11597 | Lair:2   | Killed a nine-headed hydra
 11597 | Lair:2   | Reached **** piety under Yredelemnul
 11598 | Lair:2   | Gained mutation: You have hooves in place of feet. [demonic
                  | ancestry]
 11598 | Lair:2   | Reached XP level 12. HP: 43/94 MP: 19/19
 11678 | Lair:3   | Found a staircase to the Swamp.
 11684 | Lair:3   | Noticed an eight-headed hydra
 11691 | Lair:3   | Killed an eight-headed hydra
 11783 | Lair:3   | Found an opulent altar of Gozag.
 11864 | Lair:3   | Killed a death yak
 11865 | Lair:3   | Reached skill level 10 in Invocations
 11869 | Lair:3   | Killed a death yak
 11882 | Lair:2   | Killed a death yak
 11893 | Lair:2   | Killed a death yak
 11909 | Lair:3   | Received a gift from Yredelemnul (a wight)
 12170 | Lair:3   | Noticed a four-headed hydra
 12175 | Lair:3   | Killed a four-headed hydra
 12830 | Lair:4   | Reached skill level 11 in Invocations
 13050 | Lair:4   | Found a hole to the Spider Nest.
 13182 | Lair:4   | Reached skill level 1 in Evocations
 13239 | Lair:4   | Noticed a catoblepas
 13451 | Lair:4   | Reached skill level 10 in Fighting
 13492 | Lair:4   | Reached XP level 13. HP: 94/103 MP: 21/21
 13975 | Lair:5   | Noticed Sonja
 14041 | Lair:4   | Killed Sonja
 14097 | Lair:5   | Received a gift from Yredelemnul (2 flying skulls)
 14116 | Lair:5   | Found a staircase to the Slime Pits.
 14315 | Lair:5   | Reached ***** piety under Yredelemnul
 15344 | Lair:6   | Entered Level 6 of the Lair of Beasts
 15542 | Lair:6   | Received a gift from Yredelemnul (a wight)
 15735 | Lair:6   | Reached skill level 12 in Invocations
 15831 | Lair:6   | Received a gift from Yredelemnul (a wight)
 15934 | Lair:6   | Received a gift from Yredelemnul (a phantasmal warrior)
 15955 | Lair:6   | Reached skill level 10 in Long Blades
 15955 | Lair:6   | Reached skill level 10 in Dodging
 16762 | D:11     | Found Geink's Antique Weapon Shop.
 16762 | D:11     | Found Soelausaf's Magic Scroll Shop.
 16829 | D:11     | Received a gift from Yredelemnul (a vampire)
 16907 | D:11     | Found a staircase to the Orcish Mines.
 16951 | D:11     | Found Guczeh's Book Emporium.
 17262 | D:11     | Found Coahuly's Magic Scroll Boutique.
 17270 | D:11     | Bought a scroll of fog for 30 gold pieces
 17680 | D:12     | Reached XP level 14. HP: 82/111 MP: 23/23
 17721 | D:12     | Received a gift from Yredelemnul (4 flying skulls)
 17920 | D:12     | Received a gift from Yredelemnul (a phantasmal warrior)
 18249 | D:12     | Reached skill level 5 in Evocations
 18275 | D:12     | Reached ****** piety under Yredelemnul
 18472 | D:13     | Found a gate to the Vaults.
 18472 | D:13     | Noticed Rupert
 18484 | D:13     | Reached skill level 13 in Invocations
 18497 | D:12     | Killed Rupert
 18638 | D:13     | Found a flagged portal.
 18649 | Bailey   | Entered a bailey
 19006 | Bailey   | Received a gift from Yredelemnul (a skeletal warrior)
 19414 | D:13     | Noticed Erolcha
 19420 | D:13     | Killed Erolcha
 19763 | D:14     | Found a hide-covered altar of Uskayaw.
 19798 | D:14     | Received a gift from Yredelemnul (a wraith)
 19944 | D:14     | Found a burning altar of Makhleb.
 20313 | D:15     | Entered Level 15 of the Dungeon
 20460 | D:15     | Received a gift from Yredelemnul (a skeletal warrior)
 20593 | D:15     | Identified the +3 shortbow "Kypus" {venom, rN+}
 20766 | D:15     | Found a staircase to the Depths.
 20766 | D:15     | Noticed a stone giant
 20778 | D:15     | Killed a stone giant
 20821 | D:15     | Reached XP level 15. HP: 120/120 MP: 25/25
 21391 | Orc:1    | Entered Level 1 of the Orcish Mines
 21405 | Orc:1    | Noticed Jorgrun
 21415 | Orc:1    | Killed Jorgrun
 21415 | Orc:1    | Enslaved Jorgrun
 21744 | Orc:1    | Reached skill level 14 in Invocations
 22682 | Orc:2    | Entered Level 2 of the Orcish Mines
 23212 | Orc:2    | Found a staircase to the Elven Halls.
 23269 | Orc:2    | Received a gift from Yredelemnul (a vampire)
 23277 | Orc:2    | Received a gift from Yredelemnul (a vampire knight)
 23284 | Orc:2    | Received a gift from Yredelemnul (a flayed ghost)
 23500 | Orc:2    | Found Gecaupt's Antique Armour Shop.
 23500 | Orc:2    | Found Foss's Antique Weapon Shop.
 23501 | Orc:2    | Found Sotill's Assorted Antiques.
 23501 | Orc:2    | Found Uffoab's General Store.
 23512 | Orc:2    | Bought a bloodstained scimitar for 279 gold pieces
 23512 | Orc:2    | Identified the +12 scimitar of Ryeggeet {vorpal, rElec
                  | Will+} (You bought it in a shop on level 2 of the Orcish
                  | Mines)
 23516 | Orc:2    | Bought the +4 moon troll leather armour {Spirit, Regen++
                  | MP+5} for 1253 gold pieces
 23516 | Orc:2    | Found the +4 moon troll leather armour {Spirit, Regen++
                  | MP+5}
 23688 | Orc:2    | Found Wisos's Jewellery Shop.
 24060 | Swamp:1  | Entered Level 1 of the Swamp
 24113 | Swamp:1  | Reached skill level 10 in Shields
 24462 | Swamp:1  | Received a gift from Yredelemnul (a vampire knight)
 24534 | Swamp:1  | Found the +2 robe of Vines {NoPotionHeal Regen+++}
 24541 | Swamp:1  | Found a transporter.
 24550 | Swamp:1  | Noticed Voickih's ghost (adept MfGl)
 24575 | Swamp:1  | Found a transporter.
 24748 | Swamp:1  | Received a gift from Yredelemnul (a phantasmal warrior)
 25302 | Swamp:1  | Killed Voickih's ghost
 25324 | Swamp:1  | Identified the ring "Julouph" {rPois Dex+3 Slay+3 Stlth+}
 25880 | Swamp:3  | Noticed a fenstrider witch
 25888 | Swamp:3  | Killed a fenstrider witch
 25909 | Swamp:3  | Received a gift from Yredelemnul (a flayed ghost)
 26109 | Swamp:3  | Reached skill level 15 in Invocations
 26397 | Swamp:4  | Entered Level 4 of the Swamp
 26476 | Swamp:4  | Gained mutation: When hurt, damage is shared between your
                  | health and your magic reserves. [demonic ancestry]
 26476 | Swamp:4  | Reached XP level 16. HP: 126/129 MP: 27/27
 26492 | Swamp:4  | Received a gift from Yredelemnul (a skeletal warrior)
 26573 | Swamp:4  | Identified the +10 dagger "Watsorio" {pain, Int+7}
 26591 | Swamp:4  | Received a gift from Yredelemnul (a bone dragon)
 26963 | Swamp:4  | Noticed a thorn hunter
 26966 | Swamp:4  | Noticed a thorn hunter
 26970 | Swamp:4  | Killed a thorn hunter
 26979 | Swamp:4  | Killed a thorn hunter
 26993 | Swamp:4  | Received a gift from Yredelemnul (a skeletal warrior)
 27039 | Swamp:4  | Your ally Jorgrun died
 27058 | Swamp:4  | Got a decaying rune of Zot
 27318 | Spider:1 | Entered Level 1 of the Spider Nest
 27407 | Spider:1 | Noticed Asterion
 27417 | Spider:1 | Killed Asterion
 27417 | Spider:1 | Enslaved Asterion
 28277 | Spider:2 | Noticed Arachne
 28291 | Spider:2 | Killed Arachne
 28802 | Spider:3 | Received a gift from Yredelemnul (a skeletal warrior)
 29320 | Spider:3 | Reached skill level 16 in Invocations
 29909 | Spider:4 | Entered Level 4 of the Spider Nest
 29959 | Spider:4 | Found a frozen archway.
 29970 | IceCv    | Entered an ice cave
 29999 | IceCv    | Gained mutation: When low on magic, you restore magic in
                  | place of health. [demonic ancestry]
 29999 | IceCv    | Reached XP level 17. HP: 126/137 MP: 29/29
 30082 | IceCv    | Mangled by a golden dragon simulacrum

Illustrated notes

Levels and vault maps discovered:
D:1:      minmay_arrival_up_and_down, layout_basic, minmay_hexomino_p4
D:2:      layout_rooms, hellmonk_ecumenical_altar_arch_garden, serial_undead,
          serial_undead_b, serial_undead_a, serial_undead_d, serial_undead_a
D:3:      layout_loops_cross, serial_shops, shop, uniq_purgy
D:4:      layout_cave_pools, grunt_temple_overflow_open, uniq_eustachio
D:5:      layout_basic, kennysheep_mini, cheibriados_altar_1,
          gammafunk_ghost_necromancy, lightli_minifort
D:6:      layout_basic, minmay_temple_entry_crystal_x, serial_shops, shop
D:7:      layout_gridville, tgw_xom, minmay_diced_spiral
D:8:      gammafunk_the_bubble [the_bubble_gammafunk_plus_minus], layout_basic,
          nicolae_overflow_hidden_temple, nicolae_ossuary_entry_monument,
          uniq_maggie
D:9:      layout_cross, uniq_grum
D:10:     layout_gridville, old_standard_altar, lair_entry_dummy,
          nicolae_trove_entry_crystal
D:11:     layout_irregular_city, david_orc_3, serial_shops, nicolae_shop_stone,
          nicolae_shop_window_shopping, shop_coins, shop,
          kennysheep_generic_room_12
D:12:     layout_basic, special_room [special_room_orc], st_stairs_11
D:13:     layout_rooms, david_vaults_3, enter_bailey_3, uniq_erolcha
D:14:     layout_long_grid, bloody_makhleb,
          nicolae_uskayaw_murder_on_the_dancefloor
D:15:     grunt_enter_depths_snipers, layout_basic, minmay_misc_feat_iff,
          chequers_garden, minmay_misc_feat_ornament, lemuel_flamethrower_1
Temple:   compressed_dpeg_triangle_lava_temple
Lair:1:   layout_long_grid
Lair:2:   layout_chaotic_city
Lair:3:   layout_regular_city, swamp_mist_pool, basic_altar,
          nicolae_quartered_pool_super, grunt_megastairs_2
Lair:4:   layout_regular_city, nicolae_spider_entry_tight_spaces,
          grunt_megastairs_4, infiniplex_staircase_pool
Lair:5:   layout_cave_shapes, nicolae_slime_entry_slimehenge,
          minmay_lair_oklob_chamber, serial_bayou_shore_b, uniq_sonja
Lair:6:   minmay_lair_end_frog_pond, layout_hall_layers
Swamp:1:  layout_falls_marsh, gammafunk_ghost_berserking_beasts,
          serial_swamp_ruin, evilmike_swamp_ruin_rubble_1,
          evilmike_swamp_ruin_rubble_2, evilmike_swamp_ruin_house_5
Swamp:2:  layout_basic_swamp, nicolae_swamp_stair_fork
Swamp:3:  layout_falls_marsh, infiniplex_staircase_pool_2, swamp_pool1
Swamp:4:  swamp_basic_johnstein, layout_basic_swamp, swamp_pool2,
          nicolae_swamp_spooky_pond
Spider:1: layout_spider_delve, uniq_asterion
Spider:2: layout_spider_delve, hangedman_spider_tarantella_strand, uniq_arachne
Spider:3: layout_chambers
Spider:4: guppyfry_spider_rune, portal_ice_cave_entry_pillars_1
Orc:1:    layout_caves, uniq_jorgrun
Orc:2:    st_orc_pillars, layout_caves, special_room, serial_shops, shop
IceCv:    ice_cave_tombish

Skill      XL: |  1  2  3  4  5  6  7  8  9 10 11 12 13 14 15 16 |
---------------+-------------------------------------------------+-----
Throwing       | 2 3 4 5 6 |  6.0
Dodging        | 3 4 5 6 7 8 9 10 11 12 | 12.6
Long Blades    | 3 4 5 6 7 8 9 10 11 12 | 12.6
Fighting       | 3 4 5 6 7 8 10 11 12 13 | 13.4
Armour         | 1 2 3 4 5 6 7 |  7.8
Invocations    | 3 5 7 9 11 12 13 15 16 | 16.0
Shields        | 2 4 5 7 8 9 10 11 | 11.4
Evocations     | 1 4 5 |  5.0

Action                   |  1- 3 |  4- 6 |  7- 9 | 10-12 | 13-15 | 16-18 || total
-------------------------+-------+-------+-------+-------+-------+-------++-------
Melee: Long sword        |    69 |    78 |   268 |   415 |   717 |       ||  1547
       Kick              |       |     9 |   120 |   238 |   447 |   148 ||   962
       Scimitar          |       |       |       |       |   153 |   262 ||   415
Throw: Throwing net      |       |     1 |     1 |       |       |       ||     2
       Dart              |       |       |    11 |       |    45 |       ||    56
       Boomerang         |       |       |     5 |    22 |   199 |     4 ||   230
Invok: Animate Remains   |       |       |     6 |     5 |       |       ||    11
       Animate Dead      |       |       |       |    40 |   103 |    20 ||   163
       Recall Undead Sla |       |       |       |     2 |    14 |     3 ||    19
       Injury Mirror     |       |       |       |     1 |       |       ||     1
       Drain Life        |       |       |       |       |     8 |       ||     8
       Enslave Soul      |       |       |       |       |     1 |     1 ||     2
Evoke: Wand              |       |       |       |       |    21 |       ||    21
  Use: Scroll            |       |     1 |     7 |    22 |    13 |     3 ||    46
       Potion            |       |       |     3 |       |     7 |       ||    10
 Stab: Sleeping          |     1 |       |     2 |     1 |       |    12 ||    16
       Held in net/web   |       |       |     1 |       |       |       ||     1
       Distracted        |       |       |       |     6 |    17 |     2 ||    25
       Petrifying        |       |       |       |       |     3 |       ||     3
       Petrified         |       |       |       |       |     1 |       ||     1
       Paralysed         |       |       |       |       |       |     1 ||     1
Armor: Leather armour    |    23 |    13 |    68 |    34 |       |       ||   138
       Troll leather arm |       |       |       |    35 |    64 |    74 ||   173
       Ring mail         |       |       |       |    82 |   210 |       ||   292
Dodge: Dodged            |    33 |    49 |   144 |   281 |   513 |   207 ||  1227
Block: Kite shield       |       |       |    66 |   290 |   636 |   196 ||  1188
       Rpst.: Long sword |    12 |     8 |    34 |    64 |    91 |       ||   209
       Scimitar          |       |       |       |       |    22 |    35 ||    57

Table legend: (Time is in decaauts)
 A = Elapsed time spent in this place.
 B = Non-inter-level travel time spent in this place.
 C = Inter-level travel time spent in this place.
 D = Time resting spent in this place.
 E = Time spent auto-exploring this place.
 F = Levels seen in this place.
 G = Mean time per level.
                   A        B        C        D        E       F      G
               +--------+--------+--------+--------+--------+-----+--------+
         Total |  30696 |  29370 |   1326 |   4008 |  16587 |  35 |  877.0 |
       Dungeon |  14217 |  13522 |    695 |   1849 |   8218 |  15 |  947.8 |
        Temple |      1 |      1 |      0 |      0 |      0 |   1 |    1.0 |
          Lair |   7039 |   6777 |    262 |   1190 |   3124 |   6 | 1173.2 |
         Swamp |   3527 |   3277 |    250 |    465 |   1595 |   4 |  881.8 |
   Spider Nest |   2634 |   2584 |     50 |      0 |   1943 |   4 |  658.5 |
  Orcish Mines |   2561 |   2493 |     68 |    374 |   1615 |   2 | 1280.5 |
       Ossuary |    201 |    201 |      0 |      0 |     36 |   1 |  201.0 |
        Bailey |    406 |    406 |      0 |    126 |     34 |   1 |  406.0 |
      Ice Cave |    105 |    105 |      0 |      4 |     22 |   1 |  105.0 |
               +--------+--------+--------+--------+--------+-----+--------+

Top non-repeatable levels by time:
     D:5: 1784 daAuts
  Lair:5: 1482 daAuts
 Swamp:1: 1408 daAuts
  Lair:4: 1376 daAuts
   Orc:1: 1365 daAuts
  Lair:3: 1269 daAuts
  Lair:6: 1216 daAuts
     D:3: 1207 daAuts
   Orc:2: 1196 daAuts
Spider:3: 1163 daAuts
     D:6: 1106 daAuts
     D:1: 990 daAuts
    D:12: 988 daAuts
    D:15: 979 daAuts
    D:11: 926 daAuts
